 Dungeon Crawl Stone Soup version 0.21.1-1-g345015fe64 (webtiles) character file.

98 olivermjmjc the Covered (level 4, 0/29 HPs)
             Began as a Gargoyle Fighter on June 5, 2018.
             Slain by an orc warrior
             ... wielding a +0 battleaxe
              (21 damage)
             ... on level 2 of the Dungeon.
             The game lasted 00:08:13 (1865 turns).

olivermjmjc the Covered (Gargoyle Fighter)          Turns: 1865, Time: 00:08:14

Health: 0/29       AC: 15    Str: 21    XL:     4   Next: 69%
Magic:  4/4        EV:  4    Int: 10    God:
Gold:   98         SH:  9    Dex:  9    Spells: 3/3 levels left

rFire    . . .     SeeInvis .   a - +0 flail
rCold    . . .     Gourm    .   c - +0 shield
rNeg     + . .     Faith    .   b - +0 plate armour
rPois    ∞         Spirit   .   (helmet restricted)
rElec    +         Reflect  .   (no cloak)
rCorr    .         Harm     .   (no gloves)
MR       .....                  (no boots)
Stlth    ..........             (no amulet)
HPRegen  0.09/turn              (no ring)
MPRegen  0.09/turn              (no ring)

@: no status effects
A: horns 2, clever 1, negative energy resistance 1, electricity resistance,
unbreathing, petrification resistance, rot immunity, AC +3
a: no special abilities


You were on level 2 of the Dungeon.
You were not hungry.

You visited 1 branch of the dungeon, and saw 2 of its levels.

You collected 98 gold pieces.

Inventory:

Hand Weapons
 a - a +0 flail (weapon)
Missiles
 h - 46 stones (quivered)
Armour
 b - a +0 plate armour (worn)
 c - a +0 shield (worn)
Jewellery
 p - a cursed -3 ring of slaying {unknown}
Wands
 o - a wand of iceblast (12)
Scrolls
 e - a scroll of blinking {unknown}
 j - 2 scrolls of teleportation
 k - a scroll of identify {unknown}
 l - a scroll of enchant armour {unknown}
 n - a scroll of enchant weapon {unknown}
Potions
 d - a potion of might
 g - a potion of cancellation {unknown}
 m - a potion of invisibility {unknown}
Comestibles
 f - 2 rations
 i - 5 chunks of flesh


   Skills:
 + Level 4.0 Fighting
 + Level 2.8 Maces & Flails
 + Level 4.1 Armour
 + Level 4.0 Shields


You had 3 spell levels left.
You didn't know any spells.

Dungeon Overview and Level Annotations

Branches:
Dungeon (2/15)

Altars:
Qazlal


Innate Abilities, Weirdness & Mutations

You are resistant to torment.
Your stone body is resilient. (AC +3)
You are immune to poison.
You resist negative energy. (rN+)
You are resistant to electric shocks. (rElec)
You can survive without breathing.
You are immune to petrification.
You are immune to rotting.
You have a pair of horns on your head.
Your mind is acute. (Int +2)


Message History

The orc warrior is moderately wounded.
The orc warrior barely misses you.
You barely miss the orc warrior.
The orc warrior is moderately wounded.
The orc warrior hits you with a battleaxe!
You hit the orc warrior. Your headbutt misses the orc warrior.
The orc warrior is heavily wounded.
The orc warrior hits you but does no damage.
The orc priest looks satisfied for a moment.
You hit the orc warrior. Your headbutt misses the orc warrior.
The orc warrior is heavily wounded.
The orc warrior hits you but does no damage.
The orc priest miscasts a cantrip.
You block the orc warrior's attack.
You hit the orc warrior.
You headbutt the orc warrior, but do no damage.
The orc warrior is severely wounded.
The orc warrior hits you with a battleaxe!!
Ouch! That really hurt!
You die...

.....# . #....# ..
#....### ...#
#...<.. .....
#....####.#
##.o§.#.#.#.....#
##
........g.o..#..#
#.
####....#w####..#
#.
.....####oo@.#..#
#.
........####'#..##
#.
.................#
#. ..
..............# #.
. ..............#
#. ..............#
#. ..............#
#####.
........#'#####
#..... ...
..........<#
#.....


You could see an orc warrior, a worm, an orc priest and a hobgoblin.

Vanquished Creatures
  4 adders (D:2)
  An ooze (D:2)
  A worm (D:2)
  3 dart slugs
  2 leopard geckos
  6 bats
  3 giant cockroaches (D:2)
  4 hobgoblins
  7 jackals
  A ball python (D:1)
  6 frilled lizards
  2 goblins (D:2)
  7 kobolds
  A rat (D:1)
48 creatures vanquished.

Notes
Turn   | Place    | Note
-------+----------+-------------------------------------------
     0 | D:1      | olivermjmjc the Gargoyle Fighter began the quest for the Orb.
     0 | D:1      | Reached XP level 1. HP: 14/14 MP: 1/1
    34 | D:1      | Reached XP level 2. HP: 15/19 MP: 2/2
   485 | D:1      | Reached XP level 3. HP: 23/23 MP: 3/3
   752 | D:1      | Found a stormy altar of Qazlal.
  1385 | D:2      | Reached XP level 4. HP: 28/29 MP: 4/4
  1443 | D:2      | Gained mutation: You evolve. [potion of mutation]
  1443 | D:2      | Gained mutation: Your mind is acute. (Int +2) [potion of mutation]
  1443 | D:2      | Gained mutation: Your flesh is cold resistant. (rC+) [potion of mutation]
  1443 | D:2      | Gained mutation: Your mind is very acute. (Int +4) [potion of mutation]
  1547 | D:2      | Lost mutation: You evolve. [potion of mutation]
  1547 | D:2      | Lost mutation: Your mind is very acute. (Int +4) [potion of mutation]
  1547 | D:2      | Lost mutation: Your flesh is cold resistant. (rC+) [potion of mutation]
  1547 | D:2      | Lost mutation: Your mind is acute. (Int +2) [potion of mutation]
  1547 | D:2      | Gained mutation: You have a pair of small horns on your head. [potion of mutation]
  1547 | D:2      | Gained mutation: You have a pair of horns on your head. [potion of mutation]
  1547 | D:2      | Gained mutation: Your mind is acute. (Int +2) [potion of mutation]
  1834 | D:2      | Noticed an orc warrior
  1865 | D:2      | Slain by an orc warrior

Skill      XL: |  1  2  3  4 |
---------------+-------------+-----
Armour         | 4 |  4.1
Fighting       | 4 |  4.0
Shields        | 4 |  4.0
Maces & Flails | |  2.8

Action                   |  1- 3 |  4- 6 || total
-------------------------+-------+-------++-------
Melee: Flail             |   219 |    60 ||   279
       Headbutt          |       |     6 ||     6
  Use: Scroll            |     1 |       ||     1
       Potion            |       |     2 ||     2
  Eat: Ration            |     1 |       ||     1
       Chunk             |     1 |       ||     1
Armor: Scale mail        |   152 |    18 ||   170
       Plate armour      |       |    37 ||    37
Dodge: Dodged            |    88 |    16 ||   104
Block: Shield            |   159 |    35 ||   194
